 Dungeon Crawl Stone Soup version 0.22.0-38-g04b72b8c25 (webtiles) character file.

358 Lerbatov the Slasher (level 6, -1/55 HPs)
             Began as a Minotaur Berserker on Aug 31, 2018.
             Was a Believer of Trog.
             Slain by an ogre
             ... wielding a +0 giant club
              (26 damage)
             ... on level 5 of the Dungeon.
             The game lasted 00:06:32 (2852 turns).

Lerbatov the Slasher (Minotaur Berserker)           Turns: 2852, Time: 00:06:33

Health: -1/55      AC:  6    Str: 24    XL:     6   Next: 37%
Magic:  5/5        EV: 12    Int:  4    God:    Trog [**....]
Gold:   181        SH:  0    Dex:  9    Spells: 5/5 levels left

rFire    . . .     SeeInvis .   a - +1 falchion
rCold    . . .     Gourm    .   (no shield)
rNeg     . . .     Faith    .   n - +1 ring mail
rPois    .         Spirit   .   (helmet restricted)
rElec    .         Reflect  .   (no cloak)
rCorr    .         Harm     .   (no gloves)
MR       .....                  (no boots)
Stlth    ++........             (no amulet)
HPRegen  0.18/turn              g - ring of stealth
MPRegen  0.09/turn              (no ring)

@: no status effects
A: retaliatory headbutt, horns 2
a: Berserk, Trog's Hand, Renounce Religion


You were on level 5 of the Dungeon.
You worshipped Trog.
Trog was pleased with you.
You were not hungry.

You visited 1 branch of the dungeon, and saw 5 of its levels.

You collected 181 gold pieces.

Inventory:

Hand Weapons
 a - a +1 falchion (weapon)
Armour
 b - a +0 animal skin
 n - a +1 ring mail (worn)
Jewellery
 g - a ring of stealth (left hand)
Scrolls
 f - 6 scrolls of identify
 h - 5 scrolls of remove curse
 i - 4 scrolls of teleportation
Potions
 e - a potion of mutation {unknown}
 j - 3 potions of curing
 l - a potion of heal wounds {unknown}
 m - a potion of ambrosia {unknown}
 q - a potion of might {unknown}
 s - 2 potions of degeneration
 t - a potion of magic {unknown}
Comestibles
 c - 8 rations
 d - 2 chunks of flesh


   Skills:
 + Level 4.9 Fighting
 + Level 6.2 Long Blades
 + Level 3.8 Armour
 + Level 3.7 Dodging
 + Level 1.3 Stealth


You had 5 spell levels left.
You didn't know any spells.
Your spell library was empty.

Dungeon Overview and Level Annotations

Branches:
Dungeon (5/15)
 Temple: D:4-7

Altars:
Kikubaaqudgha


Innate Abilities, Weirdness & Mutations

You reflexively headbutt those who attack you in melee.
You have a pair of horns on your head.


Message History

You completely miss something. Something hits you.
You closely miss something. Something hits you. x2
You closely miss something. You headbutt something. Something hits you.
You hit something. Something hits you. The ogre hits you with a giant club!
Something hits you but does no damage.
You closely miss something. Something hits you but does no damage.
You hit something. Trog accepts your kill.
Reactivating autopickup.
Your Long Blades skill increases to level 6!
You feel a bit more experienced. The ogre closely misses you.
You riposte.
You hit the ogre.
The ogre is lightly wounded.
You hit the ogre.
The ogre is moderately wounded.
The ogre barely misses you.
You hit the ogre.
The ogre is moderately wounded.
The ogre hits you with a giant club!!
You die...

#.## #.. ....# #..
#.. #..#######.# ...
#.......##.#### ....
#..###...#.#.. ...
#..##.###..#.##..
.####..#.##
##.#.#.#.#
.........# #...OS..#
#####..#.# #.#@#####
######.##.###.##)#
.......# #...# #.#
######.# #.# #.# #.#
#.# #.# #.# #.# #..
#.# #.# ###
######.####.#
....##.....(#######.


You could see an ogre and an adder.

Vanquished Creatures
  A centaur (D:5)
  A howler monkey (D:5)
  A hound (D:3)
  An iguana (D:4)
  3 worker ants (D:4)
  4 adders (D:2)
  An ooze (D:4)
  A worm (D:2)
  5 leopard geckos
  2 orcs
  3 giant cockroaches
  8 goblins
  7 hobgoblins
  8 jackals
  A quokka (D:5)
  2 ball pythons (D:3)
  4 bats
  2 frilled lizards (D:2)
  4 kobolds
  A leopard gecko skeleton (D:4)
  A quokka zombie (D:5)
  3 rats (D:2)
64 creatures vanquished.

Notes
Turn   | Place    | Note
-------+----------+-------------------------------------------
     0 | D:1      | Lerbatov the Minotaur Berserker began the quest for the Orb.
     0 | D:1      | Reached XP level 1. HP: 19/19 MP: 0/0
   582 | D:2      | Reached skill level 4 in Long Blades
   582 | D:2      | Reached XP level 2. HP: 27/27 MP: 1/1
   699 | D:2      | Reached XP level 3. HP: 33/33 MP: 2/2
   879 | D:2      | Reached ** piety under Trog
  1554 | D:2      | Reached XP level 4. HP: 38/40 MP: 3/3
  1958 | D:3      | Reached skill level 5 in Long Blades
  2481 | D:4      | Reached XP level 5. HP: 38/47 MP: 4/4
  2492 | D:4      | Found an ancient bone altar of Kikubaaqudgha.
  2668 | D:4      | Reached skill level 1 in Stealth
  2771 | D:5      | Entered Level 5 of the Dungeon
  2799 | D:5      | Reached XP level 6. HP: 55/55 MP: 5/5
  2850 | D:5      | Reached skill level 6 in Long Blades
  2852 | D:5      | Slain by an ogre

Skill      XL: |  1  2  3  4  5  6 |
---------------+-------------------+-----
Long Blades    | 4 5 6 |  6.2
Fighting       | 4 |  4.9
Dodging        | 3 |  3.7
Armour         | 3 |  3.8
Stealth        | 1 |  1.3

Action                   |  1- 3 |  4- 6 || total
-------------------------+-------+-------++-------
Melee: Falchion          |    58 |    86 ||   144
       Headbutt          |    10 |    20 ||    30
  Use: Scroll            |       |    10 ||    10
 Stab: Sleeping          |     1 |     1 ||     2
  Eat: Chunk             |     1 |     5 ||     6
Armor: Animal skin       |     5 |       ||     5
       Ring mail         |     1 |    31 ||    32
Dodge: Dodged            |    32 |    53 ||    85
       Rpst.: Falchion   |     9 |    19 ||    28
